[Event "Early-Titled-Tuesday-Blitz-February-27-2024"]
[Site "Chess.com"]
[Date "2024.02.27"]
[Round "1"]
[White "GP9isback23"]
[Black "BozeKat"]
[Result "1-0"]
[WhiteElo "2569"]
[BlackElo "2135"]
[TimeControl "180+1"]
[EndTime "8:07:33 PST"]
[Termination "GP9isback23 won by resignation"]

1. d4 Nf6 2. Nf3 c5 3. e3 d5 4. Be2 Nc6 5. O-O e6 6. b3 Be7 7.
Bb2 O-O 8. Nbd2 b6 9. c4 Bb7 10. Rc1 Rc8 11. a3 cxd4 12. exd4 Re8 13. Bd3 dxc4 14.
bxc4 Na5 15. Qe2 Qd7 16. Ne5 Qa4 17. Rfe1 Nc6 18. Bc2 Qa6 19. Bd3 Red8 20. Nxf7 Kxf7 21. Qxe6+ Kf8 22. d5 Rd6 23. Qe2 Re8 24. c5 Qa4 25. cxd6 Bxd6 26. Qf3 Ne5 27. Bxe5 Bxe5 28. Qf5 Bb2 29. Rxe8+ Qxe8 30. Rb1 Bxa3 31. Ne4 Bxd5 32. Nxf6 Be6 33. Nxe8+ Bxf5 34. Bxf5 Kxe8 35. Ra1 Bc5 36.
Rxa7 g6 37. Bd3 Kd8 38. Rxh7 b5 39. Bxb5 g5 40. Be2 g4 41. Bxg4 Ke8 42. Be2 Kf8 43. Rh3 Kg7 44. Rd3 Be7 45. Kf1 Bb4 46. g3 Kg6 47. Kg2 Kg5 48. h4+ Kh6 49. Rd5 Be7 50. Kh3 Kg6 51. g4 Kh6 52. f4 Bd8 53. Rd6+ Kh7 54. Rxd8 Kh6 55. Rd6+ Kh7 56. g5 Kg7 57. h5 Kh8 58. f5 1-0

[Event "Early-Titled-Tuesday-Blitz-February-27-2024"]
[Site "Chess.com"]
[Date "2024.02.27"]
[Round "1"]
[White "guillembaches"]
[Black "DenLaz"]
[Result "0-1"]
[WhiteElo "2531"]
[BlackElo "3029"]
[TimeControl "180+1"]
[EndTime "8:07:35 PST"]
[Termination "DenLaz won on time"]

1. d4 Nf6 2. Nf3 d5 3. Bf4 c5 4. e3 Nc6 5. c3 Bg4 6. Nbd2 e6 7. Be2 Be7 8. Ne5 Bxe2 9. Qxe2 O-O 10. O-O Nxe5 11.
Bxe5 Nd7 12. Bg3 Rc8 13. Rad1 Qb6 14. Nf3 Rfd8 15. Ne5 Bf6 16. f4 g6 17. a3 Be7 18.
Kh1 Qa6 19. Qf3 Qb5 20. Rd2 Nf6 21. Re2 Ne4 22. Be1 a5 23. Ng4 a4 24. Nf2 Nd6 25. g4 Kf8 26. g5 Ke8 27. h4 Kd7 28. h5 Nf5 29. Ng4 Bd6 30. e4 dxe4 31. Nf6+ Kc7 32. Rxe4 cxd4 33. cxd4 Kb8 34. Bc3 Bxa3 35. Re5 Qxf1+ 36. Qxf1 Ng3+ 37. Kg2 Nxf1 38. Kxf1 Bd6 39.
Ra5 a3 40. Nd7+ Rxd7 41. Ra8+ Kxa8 42. Ba5 axb2 43. Bc7 Rcxc7 0-1

[Event "Early-Titled-Tuesday-Blitz-February-27-2024"]
[Site "Chess.com"]
[Date "2024.02.27"]
[Round "1"]
[White "LastGladiator1"]
[Black "DeArron_Fox"]
[Result "1-0"]
[WhiteElo "2989"]
[BlackElo "2521"]
[TimeControl "180+1"]
[EndTime "8:07:35 PST"]
[Termination "LastGladiator1 won by checkmate"]

1. e4 c5 2. Nf3 e6 3. Nc3 a6 4. g3 b5 5. Bg2 Bb7 6. d3 Nf6 7.
O-O d5 8. e5 Nfd7 9. Re1 Nc6 10.
Bf4 Be7 11. h4 h6 12. h5 Nb6 13. a4 b4 14. Ne2 a5 15. Qc1 Ba6 16. g4 Qc7 17. Ng3 b3 18. cxb3 Nb4 19. d4 Nd3 20. Qd2 cxd4 21. Rec1 Nxc1 22. Rxc1 Qb8 23. Nxd4 Nd7 24.
Qe3 Qb4 25. Nc6 Qb6 26. Qd2 Rc8 27. Be3 Qb7 28. Nxa5 Rxc1+ 29. Qxc1 Qb4 30. Nc6 Qxg4 31. Nxe7 Kxe7 32. Qc6 Bd3 33. Qd6+ Ke8 34. a5 Qd1+ 35. Kh2 Qxb3 36. a6 Qa4 37. a7 Qh4+ 38. Kg1 Qa4 39.
b3 Qa1+ 40. Kh2 Nxe5 41. Qxe5 Qxe5 42. a8=Q+ Ke7 43. Qxh8 d4 44. Bd2 f5 45. Bb4+ Kf6 46.
Qd8+ Kf7 47. Qf8# 1-0

[Event "Early-Titled-Tuesday-Blitz-February-27-2024"]
[Site "Chess.com"]
[Date "2024.02.27"]
[Round "1"]
[White "Aygehovit1992"]
[Black "Kazancev_Valerij_M"]
[Result "1-0"]
[WhiteElo "2680"]
[BlackElo "2377"]
[TimeControl "180+1"]
[EndTime "8:07:35 PST"]
[Termination "Aygehovit1992 won on time"]

1. e4 g6 2. d4 Bg7 3. Nc3 e6 4. Be3 Ne7 5. h4 h5 6. Qd2 d5 7. f3 a6 8. O-O-O b5 9. Nh3 Bb7 10. Ng5 Nd7 11. g4 dxe4 12. Ncxe4 Nd5 13. Bf2 Qe7 14.
Kb1 N5f6 15. gxh5 Nxh5 16. Qa5 Rc8 17. a4 c6 18. Bh3 O-O 19. Rhe1 Nf4 20. Bg3 Nxh3 21.
Nxh3 c5 22. Nd6 Bxf3 23. Nxc8 Rxc8 24. Rd3 Bg4 25. Qxa6 Re8 26. Nf4 Bf5 27. Rdd1 cxd4 28. Nd5 Qd8 29. Nc7 Rf8 30. axb5 Nc5 31. Qd6 Ne4 32. Qxd8 Rxd8 33. Bf4 Nf2 34. Rd2 Ne4 35. Rd3 Nc5 36. Rdd1 d3 37. Kc1 1-0

[Event "Early-Titled-Tuesday-Blitz-February-27-2024"]
[Site "Chess.com"]
[Date "2024.02.27"]
[Round "1"]
[White "arenal72"]
[Black "Mihajlovskij"]
[Result "1-0"]
[WhiteElo "2589"]
[BlackElo "2206"]
[TimeControl "180+1"]
[EndTime "8:07:36 PST"]
[Termination "arenal72 won on time"]

1. Nf3 Nf6 2. d4 g6 3. c4 Bg7 4.
Nc3 O-O 5. e4 d6 6. h3 c5 7. d5 b5 8. cxb5 a6 9. Bg5 Qa5 10. Qd2 Re8 11. b6 Qxb6 12. Bd3 Bd7 13.
O-O Bb5 14. e5 dxe5 15. Nxe5 Nbd7 16. Nc4 Qc7 17. Rfe1 Nb6 18. Nxb6 Qxb6 19. Bc2 Rad8 20. Rad1 Qb7 21. Bxf6 Bxf6 22. Be4 Qc7 23. Qe3 Rd6 24. Bd3 Bd4 25. Qe2 Bxd3 26. Rxd3 Red8 27. Qxe7 Qa5 28.
Qe4 Bxc3 29. bxc3 Qxa2 30. c4 a5 31. Rdd1 a4 32. Ra1 Qb3 33. Reb1 Qc3 34. Rxa4 Qf6 35. Raa1 R6d7 36. Re1 1-0

[Event "Early-Titled-Tuesday-Blitz-February-27-2024"]
[Site "Chess.com"]
[Date "2024.02.27"]
[Round "1"]
[White "KuzubovYuriy"]
[Black "Herman-NY"]
[Result "1-0"]
[WhiteElo "2953"]
[BlackElo "2515"]
[TimeControl "180+1"]
[EndTime "8:07:37 PST"]
[Termination "KuzubovYuriy won by resignation"]

1. d4 Nf6 2. Nf3 g6 3. Nbd2 d6 4. e4 Nc6 5. Be2 e5 6. dxe5 Nxe5 7. Nxe5 dxe5 8. O-O Bg7 9. c3 O-O 10. Qc2 a5 11. a4 Be6 12. Nf3 Ne8 13. Ng5 Bd7 14. Bc4 Nd6 15. Bb3 Bc6 16. Re1 h6 17.
Nf3 Kh7 18. h3 Qd7 19. Bd2 Rae8 20. Nh2 f5 21. exf5 gxf5 22. Rad1 Rf6 23. Bc1 Rg6 24. Bd5 Bxa4 25. b3 Bc6 26. c4 b6 27. Ba3 Bxd5 28. Rxd5 e4 29. Nf1 Qf7 30. Bxd6 cxd6 31. Ne3 Be5 32.
Rf1 f4 33. Ng4 Qf5 34. Re1 f3 35. g3 Reg8 36. Qxe4 Qxe4 37. Rxe4 Bc3 38. Rf5 Bb4 39. Rxf3 h5 40. Nf6+ Rxf6 41. Rxf6 Rg5 42. Re7+ Kh8 43. Rf8+ Rg8 44. Rxg8+ Kxg8 45. Rb7 Bc5 46. Kg2 1-0

[Event "Early-Titled-Tuesday-Blitz-February-27-2024"]
[Site "Chess.com"]
[Date "2024.02.27"]
[Round "1"]
[White "Jumbo"]
[Black "EsmeraldasAnderson03"]
[Result "1-0"]
[WhiteElo "2861"]
[BlackElo "2484"]
[TimeControl "180+1"]
[EndTime "8:07:37 PST"]
[Termination "Jumbo won on time"]

1. d4 d5 2. Nf3 Nf6 3. c4 dxc4 4. e3 a6 5. Bxc4 e6 6. O-O c5 7. dxc5 Qxd1 8. Rxd1 Bxc5 9. Be2 Nbd7 10. Nfd2 b5 11. Nb3 Bb6 12. a4 b4 13. a5 Ba7 14. Bd2 Rb8 15. Rc1 Kd8 16. Be1 Bb7 17. N1d2 Nd5 18. Nc4 Ke7 19. e4 Nf4 20. Bxb4+ Kf6 21. Bf1 Bxe4 22. Bc3+ Kg6 23. Rd1 Nd5 24. Bd4 Rxb3 25. Bxa7 h5 26. Nd6 Bc2 27. Rd2 Nb4 28. Bd4 Nf6 29. Bc4 Rd8 30. Bxb3 Bxb3 31. Bb6 Rd7 32. Rc1 Bd5 33. Nc4 Kf5 34. Ne3+ Kg6 35. f3 Rb7 36. Rc7 Rxc7 37. Bxc7 Bc6 38. Nc4 Bb5 39. Ne5+ Kf5 40. Nxf7 Nfd5 41. Nd6+ Kf6 42. Nxb5 axb5 43. Bd6 Na6 44.
f4 Kf5 45. Rd4 Nf6 46. Be5 Nd5 47. Bxg7 Nxf4 48. Rd6 Nc5 49. a6 Nd5 50. a7 Nc7 51. Rc6 Na8 52. Rxc5+ 1-0

[Event "Early-Titled-Tuesday-Blitz-February-27-2024"]
[Site "Chess.com"]
[Date "2024.02.27"]
[Round "1"]
[White "Rogarcia1"]
[Black "bescmelasti"]
[Result "0-1"]
[WhiteElo "2316"]
[BlackElo "2649"]
[TimeControl "180+1"]
[EndTime "8:07:37 PST"]
[Termination "bescmelasti won by resignation"]

1. e4 c5 2. Nf3 e6 3. d4 cxd4 4. Nxd4 Nf6 5. Bd3 Nc6 6. Nxc6 bxc6 7. O-O d5 8. e5 Nd7 9. Re1 Qc7 10. Qe2 Nc5 11.
Bf4 Be7 12. Nd2 Rb8 13. b3 O-O 14. Bxh7+ Kxh7 15. Qh5+ Kg8 16. Re3 f5 17. Rh3 Ne4 18. Nf3 Bc5 19. Ng5 Nxg5 20. Qxg5 Qf7 21. Qh4 Qg6 22. Rd1 Ba6 23. Re1 Kf7 24. Be3 Rh8 25. Qg3 Rxh3 26. Qxh3 Bxe3 27. Qxe3 Rb7 28. Qc5 Bb5 29.
Qd6 Re7 30. Qc5 Ba6 31. c4 dxc4 32. bxc4 Qg4 33. f3 Qxc4 34. Qd6 c5 35. Rd1 Qb5 36. h3 Qb6 37. Qd2 c4+ 38. Kh2 Rc7 39. Qc3 Qb5 40. Rd6 Qc5 41. Rxa6 g5 42. Rd6 f4 43. Qd2 Qe3 44. Qc3 Qxc3 0-1

[Event "Early-Titled-Tuesday-Blitz-February-27-2024"]
[Site "Chess.com"]
[Date "2024.02.27"]
[Round "1"]
[White "atalz0"]
[Black "only_strong_moves"]
[Result "1-0"]
[WhiteElo "2385"]
[BlackElo "2654"]
[TimeControl "180+1"]
[EndTime "8:07:38 PST"]
[Termination "atalz0 won by resignation"]

1. d4 Nf6 2. c4 e6 3. Nc3 d5 4.
cxd5 exd5 5. Bg5 c6 6. e3 h6 7.
Bh4 a5 8. Bd3 Bd6 9. Nf3 Na6 10.
h3 O-O 11. O-O Re8 12. a3 Nc7 13. Rc1 b5 14. a4 b4 15. Ne2 Bd7 16. Bb1 g6 17. b3 Kg7 18. Qc2 Ra6 19. Qb2 Qc8 20. Ne5 Nh5 21. Nf4 Nxf4 22. exf4 f6 23. Nxg6 Be6 24. Qc2 Qd7 25. Ne5 fxe5 26. fxe5 Kg8 27. Qg6+ Qg7 28. exd6 Qxg6 29. Bxg6 Rc8 30. dxc7 Rxc7 31.
Bg3 Rc8 32. Bd3 Ra7 33. Rc5 Kf7 34. Rfc1 Bd7 35. Be5 Rg8 36. Be2 Rg5 37. f4 Rg6 38.
Kh2 Rg8 39. Bh5+ Ke6 40. Bg4+ Ke7 41. Bxd7 Kxd7 42. Rxc6 Kd8 43. Rc8+ Kd7 44. Rxg8 1-0

[Event "Early-Titled-Tuesday-Blitz-February-27-2024"]
[Site "Chess.com"]
[Date "2024.02.27"]
[Round "1"]
[White "Kostukov_Alex"]
[Black "Ginger_GM"]
[Result "0-1"]
[WhiteElo "2363"]
[BlackElo "2663"]
[TimeControl "180+1"]
[EndTime "8:07:38 PST"]
[Termination "Ginger_GM won on time"]

1. g3 f5 2. Bg2 Nf6 3. d4 e6 4.
Nf3 Be7 5. O-O O-O 6. c4 d6 7. Nc3 Ne4 8. Qb3 Nxc3 9. Qxc3 a5 10. b3 Bf6 11. Bb2 Nc6 12. Qd2 e5 13. dxe5 dxe5 14. Rfd1 Qe7 15. Qc2 g5 16. e3 g4 17. Nd2 e4 18. a3 Ne5 19. Bxe5 Bxe5 20. Rac1 Be6 21.
Nb1 c6 22. Nc3 Qxa3 23. Ne2 Rfd8 24. Nd4 Qe7 25. Rd2 c5 26. Nb5 b6 27. Rcd1 Rxd2 28.
Rxd2 Rd8 29. Bf1 Rxd2 30. Qxd2 Qd7 31. Qxd7 Bxd7 32. Be2 Kf7 33. Kf1 h5 34. Ke1 h4 35.
Kd2 Ke7 36. Kc2 Kd8 37. Bd1 Kc8 38. Be2 Kb7 39. Bf1 Ka6 40. Be2 h3 41. Bf1 f4 42.
exf4 Bd4 43. Nxd4 cxd4 44. Be2 Kb7 45. Bf1 Kc6 46. Kb2 Kc5 47. Ka3 d3 48. Kb2 Kd4 0-1

[Event "Early-Titled-Tuesday-Blitz-February-27-2024"]
[Site "Chess.com"]
[Date "2024.02.27"]
[Round "1"]
[White "NowInChess"]
[Black "FoggyMorning"]
[Result "0-1"]
[WhiteElo "2279"]
[BlackElo "2617"]
[TimeControl "180+1"]
[EndTime "8:07:38 PST"]
[Termination "FoggyMorning won on time"]

1. e4 e6 2. d3 d5 3. Nd2 Nc6 4. Ngf3 Nf6 5. c3 e5 6. Be2 Be7 7. O-O O-O 8. Qc2 a5 9. a4 Re8 10. Re1 Bc5 11. h3 h6 12. Bf1 b6 13. exd5 Nxd5 14. Nc4 Qf6 15. Nfxe5 Nxe5 16. Nxe5 Rxe5 17. Rxe5 Qxe5 18. d4 Bf5 19. Qd1 Bxd4 20. Qxd4 Qxd4 21. cxd4 Rd8 22. Bd2 Nb4 23. Be3 Be4 24. Rc1 c6 25.
Bc4 Kf8 26. f3 Bg6 27. Kf2 Nc2 28. Rd1 Nb4 29. Rd2 f6 30. g4 Bf7 31. Bxf7 Kxf7 32. Bf4 Rd7 33. h4 Ke6 34. h5 Kd5 35. Be3 Re7 36.
Bf4 Kc4 37. Be3 Nd5 38. Re2 Kd3 0-1

[Event "Early-Titled-Tuesday-Blitz-February-27-2024"]
[Site "Chess.com"]
[Date "2024.02.27"]
[Round "1"]
[White "Ariadna_Atreides"]
[Black "Predator0608"]
[Result "0-1"]
[WhiteElo "2200"]
[BlackElo "2585"]
[TimeControl "180+1"]
[EndTime "8:07:38 PST"]
[Termination "Predator0608 won by checkmate"]

1. d4 Nf6 2. Nf3 b6 3. e3 Bb7 4.
Bd3 g6 5. Nbd2 Bg7 6. O-O O-O 7.
b3 d6 8. Bb2 Nbd7 9. c4 Re8 10.
d5 e5 11. dxe6 fxe6 12. Rc1 e5 13. Bb1 Qe7 14. b4 a5 15. a3 Rf8 16. Qb3 axb4 17. axb4 Kh8 18. Ng5 Nh5 19. Nge4 Qe6 20. Qd3 Rae8 21.
c5 d5 22. Ng3 Nxg3 23. hxg3 bxc5 24. bxc5 Ba6 25. Qc2 Bxf1 26. Nxf1 c6 27. Qc3 Rf7 28. Nd2 Ref8 29. Rf1 e4 30. Qc2 Ne5 31. Nb3 Qd7 32. Nd4 Ng4 33. Qe2 Rxf2 34. Rxf2 Rxf2 35.
Qa6 Qf7 36. Qa8+ Qf8 37. Qxf8+ Rxf8 38. Bc1 Rb8 39. Bc2 Ra8 40. Nb3 Ra2 41. Bb1 Re2 42. Kf1 Rf2+ 43. Kg1 Bh6 44. Nd4 Rf6 45. Bb2 Bxe3+ 46. Kh1 Rf1# 0-1

[Event "Early-Titled-Tuesday-Blitz-February-27-2024"]
[Site "Chess.com"]
[Date "2024.02.27"]
[Round "1"]
[White "Chessdude1987"]
[Black "Skatchkov_V"]
[Result "0-1"]
[WhiteElo "2345"]
[BlackElo "2651"]
[TimeControl "180+1"]
[EndTime "8:07:41 PST"]
[Termination "Skatchkov_V won on time"]

1. e4 e5 2. Nf3 Nf6 3. Nxe5 d6 4. Nf3 Nxe4 5. c4 Be7 6. Nc3 Nxc3 7. dxc3 Nd7 8. Qc2 Nc5 9. Be3 O-O 10. O-O-O b6 11. Nd4 Bb7 12. Nf5 Bf6 13. Bxc5 bxc5 14. Bd3 Bxg2 15.
Rhg1 Bf3 16. Rde1 g6 17. Rg3 Bh5 18. Kb1 Kh8 19. Ne3 Be5 20. Rh3 Qg5 21. Qc1 Qf4 22.
Qc2 Qg5 23. Qc1 Qf4 24. Rxh5 gxh5 25. Qd1 Qxf2 26. Nd5 Rab8 27. Re2 Qh4 28. Qc1 Bg7 29. Qe3 Qg4 30. Re1 Qe6 31. Qf2 Qh6 32. Kc2 Rbe8 33. Rf1 Re6 34. Qf5 Re5 0-1

[Event "Early-Titled-Tuesday-Blitz-February-27-2024"]
[Site "Chess.com"]
[Date "2024.02.27"]
[Round "1"]
[White "MITerryble"]
[Black "xasid81"]
[Result "1-0"]
[WhiteElo "3027"]
[BlackElo "2531"]
[TimeControl "180+1"]
[EndTime "8:07:42 PST"]
[Termination "MITerryble won by resignation"]

1. e4 c6 2. Nf3 d5 3. exd5 cxd5 4.
Ne5 Nf6 5. d4 Nc6 6. c3 e6 7. Bb5 Bd7 8. Nxd7 Qxd7 9. O-O a6 10.
Bd3 h6 11. Nd2 Bd6 12. Qe2 O-O 13. f4 Qc7 14. g3 Rfe8 15. Nf3 Nd7 16. Bd2 f5 17. Ne5 Nf6 18. g4 Ne4 19. gxf5 exf5 20. Kh1 Bxe5 21. fxe5 Rf8 22. Rg1 Kh7 23. Raf1 g6 24.
Rf3 Ne7 25. Rh3 Ng8 26. Bf4 Qg7 27. c4 dxc4 28. Bxc4 g5 29. Be3 Ne7 30. Qh5 Qg6 31. Bxg5 Nf2+ 32. Kg2 Nxh3 33. Qxh3 Qxg5+ 34. Kh1 Qd2 35. Qh4 Ng6 36. Qh5 Rg8 37. Qxf5 Qxd4 38. Bf7 Qb6 39. h4 Qc6+ 40. Kh2 Rg7 41. h5 Rd8 42. Rg2 Kh8 43. hxg6 Rd4 44. Qh3 Qc1 45. Qg3 Qf4 46. Qxf4 Rxf4 47. e6 Re4 48. Rd2 Rxf7 49. exf7 Kg7 50.
Rd8 1-0

[Event "Early-Titled-Tuesday-Blitz-February-27-2024"]
[Site "Chess.com"]
[Date "2024.02.27"]
[Round "1"]
[White "carlocapau"]
[Black "Mikhail_Bryakin"]
[Result "1-0"]
[WhiteElo "2468"]
[BlackElo "2738"]
[TimeControl "180+1"]
[EndTime "8:07:42 PST"]
[Termination "carlocapau won on time"]

1. d4 d6 2. Nf3 Bg4 3. e4 Nd7 4. h3 Bxf3 5. Qxf3 c6 6. Bc4 e6 7. O-O d5 8. exd5 cxd5 9. Bd3 Ngf6 10. c4 dxc4 11. Bxc4 Qc7 12. Bb3 Nb6 13. Nc3 Bb4 14. Bf4 Qd7 15. a3 Bxc3 16. bxc3 O-O 17. a4 Nbd5 18.
Bg3 Rac8 19. Rfc1 Ne7 20. a5 Rfd8 21. a6 b5 22. c4 bxc4 23. Bxc4 Ned5 24. Rab1 Qa4 25.
Bxd5 Rxc1+ 26. Rxc1 Nxd5 27. Qd3 h6 28. Qc4 Qa3 29. Rb1 Nb6 30. Qc7 Rd7 31. Qb8+ Kh7 32. Rxb6 axb6 33. Qb7 Qa1+ 34. Kh2 Qxd4 35. Qb8 b5 36.
Bc7 b4 37. a7 Rxc7 38. Qxc7 b3 39. Qb8 b2 40. a8=Q Qc3 41. Qe4+ f5 42. Qxe6 1-0

[Event "Early-Titled-Tuesday-Blitz-February-27-2024"]
[Site "Chess.com"]
[Date "2024.02.27"]
[Round "1"]
[White "Vaathi_Coming"]
[Black "amanjazu"]
[Result "1-0"]
[WhiteElo "2920"]
[BlackElo "2509"]
[TimeControl "180+1"]
[EndTime "8:07:43 PST"]
[Termination "Vaathi_Coming won on time"]

1. b3 e5 2. Bb2 Nc6 3. c4 g6 4. g3 Bg7 5. Bg2 d6 6. e3 f5 7. Ne2 Nf6 8. Nbc3 O-O 9. O-O Be6 10. d4 Bf7 11. Rc1 e4 12. a3 g5 13. Nb1 h5 14. Nd2 h4 15. b4 Bh5 16. Nb3 Ne7 17. Qc2 Bf3 18. d5 Qe8 19. Ned4 Qh5 20. Nd2 g4 21. Ne6 Rf7 22. Nxc7 Rc8 23. Nb5 Ne8 24.
Bxg7 Rxg7 25. Rfe1 Rh7 26. Nf1 Ng6 27. c5 Ne5 28.
Qb2 hxg3 29. fxg3 Bxg2 30. Qxg2 Nf3+ 31. Kh1 Nxe1 32. Rxe1 dxc5 33. d6 Rd8 34. bxc5 Rc8 35. Nd4 Rxc5 36. Qa2+ Kf8 37. Ne6+ Kg8 38. Nxc5+ Kh8 39.
d7 1-0

[Event "Early-Titled-Tuesday-Blitz-February-27-2024"]
[Site "Chess.com"]
[Date "2024.02.27"]
[Round "1"]
[White "leclash"]
[Black "KacperKacprzak"]
[Result "0-1"]
[WhiteElo "2398"]
[BlackElo "2703"]
[TimeControl "180+1"]
[EndTime "8:07:43 PST"]
[Termination "KacperKacprzak won by resignation"]

1. d4 d5 2. c4 e6 3. Nc3 c6 4. e3 Nf6 5. Nf3 Nbd7 6. Bd3 dxc4 7. Bxc4 b5 8. Bd3 Bb7 9. e4 a6 10. e5 Nd5 11. Nxd5 cxd5 12. O-O Be7 13. Bd2 O-O 14.
Rc1 Rc8 15. Rxc8 Qxc8 16. Ng5 Bxg5 17. Bxg5 Re8 18. Qh5 Nf8 19. Rc1 Qb8 20. a3 Rc8 21. h4 Rxc1+ 22. Bxc1 Qc7 23. Bd2 Bc6 24. b4 Be8 25. Qd1 Nd7 26. h5 h6 27. g4 Qd8 28.
Kg2 Nb6 29. Kg3 Nc4 30. Bc1 Kf8 31. f4 Qb6 32. Bc2 a5 33. f5 axb4 34. axb4 exf5 35. gxf5 f6 36. Bf4 fxe5 37. dxe5 Nxe5 38. Qxd5 Qg1+ 39.
Qg2 Qe1+ 40. Qf2 Qxf2+ 41. Kxf2 Nc6 42. Bd3 Ne7 43. Bd6 Kf7 44. Kf3 Kf6 45. Kf4 Nd5+ 46.
Kg3 Kg5 47. Be4 Bf7 48. Be7+ Nxe7 0-1

[Event "Early-Titled-Tuesday-Blitz-February-27-2024"]
[Site "Chess.com"]
[Date "2024.02.27"]
[Round "1"]
[White "Iskusnyh"]
[Black "NewYearGirl"]
[Result "1-0"]
[WhiteElo "2667"]
[BlackElo "2366"]
[TimeControl "180+1"]
[EndTime "8:07:43 PST"]
[Termination "Iskusnyh won by resignation"]

1. d4 Nf6 2. c4 c5 3. d5 b5 4.
cxb5 a6 5. e3 e6 6. Nc3 exd5 7.
Nxd5 Bb7 8. Nxf6+ Qxf6 9. Nf3 Be7 10. Be2 O-O 11. O-O d5 12. bxa6 Nxa6 13. Bd2 Rfd8 14.
Re1 Bd6 15. Bf1 d4 16. exd4 cxd4 17. Bg5 Bxf3 18. Bxf6 Bxd1 19. Bxd8 Ba4 20. Bb6 Nb4 21. Bxd4 Nc2 22. Bc3 Nxa1 23. Rxa1 Bb3 24. a3 Rc8 25. Re1 f6 26. Re3 Bc5 27. Rd3 Bc4 28. Rd7 Bxf1 29. Kxf1 Bxa3 30. Bxf6 Rc1+ 31. Ke2 gxf6 32. bxa3 Ra1 33.
Ra7 h5 34. h4 Kf8 35. Ke3 Ra2 36. g3 Ke8 37. f3 Kd8 38. Kf4 Kc8 39. Ra5 Kb7 40. Rxh5 Rxa3 41. Kg4 Kc7 42. Rd5 Kc6 43. Rd1 Ra5 44. h5 1-0

[Event "Early-Titled-Tuesday-Blitz-February-27-2024"]
[Site "Chess.com"]
[Date "2024.02.27"]
[Round "1"]
[White "Yeritsyaan"]
[Black "IngOscarArdila"]
[Result "1-0"]
[WhiteElo "2612"]
[BlackElo "2277"]
[TimeControl "180+1"]
[EndTime "8:07:44 PST"]
[Termination "Yeritsyaan won by resignation"]

1. Nf3 Nf6 2. g3 g6 3. Bg2 Bg7 4. O-O d6 5. c4 O-O 6. Nc3 Nbd7 7. d4 c6 8. h3 Qc7 9. b3 e5 10. Ba3 Re8 11. dxe5 dxe5 12. Ng5 Bf8 13. Bxf8 Rxf8 14. Qd2 Nc5 15. Rfd1 Ne6 16. Nge4 Nxe4 17. Nxe4 Kg7 18. e3 Rd8 19. Qb2 Bd7 20. Nd6 f6 21. f4 exf4 22. gxf4 Be8 23. Ne4 Qe7 24. Kh2 Nc5 25.
Nxc5 Qxc5 26. Rd4 Rxd4 27. Qxd4 Qe7 28. Rd1 Bf7 29. e4 Re8 30. Qd6 Kf8 31. c5 Qxd6 32. cxd6 Rd8 33. Kg3 Be6 34. h4 Kf7 35. e5 Rd7 36.
Be4 c5 37. Kf3 b6 38. Ke3 Rd8 39. h5 f5 40. Bf3 b5 41. Rh1 Kg7 42. Bc6 a6 43.
Rc1 c4 44. b4 gxh5 45. Kd4 Kf7 46. Rh1 Rg8 47. Rxh5 Rg7 48. Rh6 Rg4 49. Rf6+ Kg7 50. Rxe6 Rxf4+ 51. Ke3 Rf1 52. d7 Rd1 53. Rd6 1-0

[Event "Early-Titled-Tuesday-Blitz-February-27-2024"]
[Site "Chess.com"]
[Date "2024.02.27"]
[Round "1"]
[White "db-banana"]
[Black "Kirill_Klukin"]
[Result "0-1"]
[WhiteElo "2482"]
[BlackElo "2853"]
[TimeControl "180+1"]
[EndTime "8:07:46 PST"]
[Termination "Kirill_Klukin won by resignation"]

1. e4 c5 2. Nf3 g6 3. d4 cxd4 4. Nxd4 Bg7 5. Nc3 Nc6 6. Nde2 Nf6 7. g3 O-O 8. Bg2 d6 9. O-O Bd7 10. Re1 a6 11. Bg5 Rc8 12. Nd5 Nxd5 13. exd5 Ne5 14. Nd4 h6 15. Bf4 Qb6 16. Be3 Nc4 17. b3 Nxe3 18. fxe3 Rc3 19. Qd2 Rfc8 20. Rad1 Bg4 21. Rc1 Rxe3 22. Rxe3 Bxd4 23. Re1 Bxe3+ 24. Qxe3 Qxe3+ 25.
Rxe3 Rxc2 26. Rxe7 b5 27. Re8+ Kg7 28. Rd8 Rxa2 29.
Rxd6 a5 30. Rb6 a4 31. Rxb5 Be2 32. Rb4 a3 33. Ra4 Kf6 34. b4 Bc4 35. Ra5 Ra1+ 36. Kf2 a2 37. d6 Rd1 38. d7 Ke7 39. Ra7 a1=Q 40. d8=Q+ Kxd8 41. Rxa1 Rxa1 42. Be4 Ke7 43. Bc2 Ra2 44. Ke3 Rxc2 0-1

[Event "Early-Titled-Tuesday-Blitz-February-27-2024"]
[Site "Chess.com"]
[Date "2024.02.27"]
[Round "1"]
[White "SashaKuzhilniy"]
[Black "Kev4444444444"]
[Result "1-0"]
[WhiteElo "2608"]
[BlackElo "2255"]
[TimeControl "180+1"]
[EndTime "8:07:46 PST"]
[Termination "SashaKuzhilniy won on time"]

1. b3 e5 2. Bb2 Nc6 3. e3 d6 4. Nf3 Bg4 5. Be2 Nf6 6. h3 Bh5 7. c4 Be7 8. Nc3 O-O 9. O-O h6 10. d4 Re8 11. d5 Nb8 12. e4 c6 13. g4 Bg6 14. Nd2 Nbd7 15. f3 Nh7 16. Kg2 a5 17. Rc1 Nc5 18. a3 Nf8 19. Rh1 Bh7 20.
b4 axb4 21. axb4 Na6 22. Qb3 Qb6 23. Na4 Qxb4 24. Qxb4 Nxb4 25. Nb6 Ra6 26. c5 Ra2 27. Bc3 dxc5 28. Bc4 Ra3 29. h4 Ng6 30. Kg3 Bd8 31.
Nd7 cxd5 32. exd5 b6 33. Ne4 Bc7 34. d6 Bd8 35. Bxb4 cxb4 36. Bb5 Kh8 37. Rc8 Nf4 38. Nxb6 Bxe4 39. Rf1 Bb7 40. Bxe8 Bxb6 41. Rb8 Ne2+ 42. Kh2 Ra7 43. Bxf7+ Kh7 44. h5 g5 45. hxg6+ Kg7 46. d7 Bc7 47. d8=Q Bxd8 48. Rxd8 Nf4 49. Rd7 Kf6 50.
g7 Kxg7 51. Bd5+ Kf6 52. Rxb7 Ra4 53. Be4 Ra2+ 54. Kh1 Ne2 55. Rg1 Rb2 56. Rg2 1-0

[Event "Early-Titled-Tuesday-Blitz-February-27-2024"]
[Site "Chess.com"]
[Date "2024.02.27"]
[Round "1"]
[White "Kleyton_Lima"]
[Black "cthake"]
[Result "1-0"]
[WhiteElo "2544"]
[BlackElo "1812"]
[TimeControl "180+1"]
[EndTime "8:07:46 PST"]
[Termination "Kleyton_Lima won by checkmate"]

1. d4 e6 2. c4 c5 3. Nf3 d6 4. g3 g6 5. Nc3 cxd4 6. Qxd4 Qf6 7. Qxf6 Nxf6 8. Nb5 Na6 9. Bf4 e5 10. Bg5 Be7 11.
Bxf6 Bxf6 12. Nxd6+ Ke7 13. Ne4 Nb4 14. O-O-O Bf5 15.
Nc3 Be6 16. a3 Nc6 17. Bg2 Rad8 18. e3 a6 19. Nd2 Rd7 20. Bxc6 bxc6 21. b3 Rhd8 22.
Nde4 Rxd1+ 23. Rxd1 Rxd1+ 24. Kxd1 Bg7 25. Kd2 f5 26.
Nc5 Bc8 27. N3a4 Kd6 28. b4 g5 29. Nb6 Be6 30. Nxa6 f4 31. Nc5 fxg3 32. fxg3 Bf5 33. a4 Kc7 34. a5 h5 35. Nba4 h4 36. Nc3 hxg3 37. hxg3 Bf8 38. N3e4 Be7 39. b5 cxb5 40.
cxb5 Bc8 41. Kc3 g4 42. Kc4 Bf5 43. a6 Kb6 44. Na4+ Ka7 45. Nec5 Bg5 46. b6+ Kb8 47. Kd5 Bxe3 48. Kc6 Bc8 49. Nd7+ Bxd7+ 50. Kxd7 e4 51. Kc6 Bf2 52. a7+ Ka8 53. Nc3 e3 54. Nb5 e2 55.
Nc7# 1-0

[Event "Early-Titled-Tuesday-Blitz-February-27-2024"]
[Site "Chess.com"]
[Date "2024.02.27"]
[Round "1"]
[White "Zohid6"]
[Black "Shuvalov"]
[Result "1-0"]
[WhiteElo "2867"]
[BlackElo "2485"]
[TimeControl "180+1"]
[EndTime "8:07:48 PST"]
[Termination "Zohid6 won by checkmate"]

1. e4 e6 2. d4 d5 3. Nc3 Bb4 4. e5 c5 5. a3 Bxc3+ 6. bxc3 Nc6 7. Qg4 g6 8. h4 h6 9. Bd3 c4 10. Be2 Qa5 11. Bd2 Bd7 12. Rh3 O-O-O 13. Rf3 Rf8 14.
Nh3 Qd8 15. a4 Rh7 16. Bc1 Rg7 17. Nf4 f5 18. Qg3 Qe8 19. Ba3 Nge7 20. Nh5 Rff7 21. Nxg7 Rxg7 22. Qh2 g5 23. hxg5 hxg5 24. Rh3 g4 25. Rh8 Rg8 26. Rh7 Ng6 27. Qh6 Rh8 28.
Rxh8 Nxh8 29. Kd2 Nf7 30. Qf6 Qg8 31. Rh1 Ncd8 32. a5 Ng5 33. f3 gxf3 34. gxf3 Ngf7 35. Be7 Qg2 36. Rh8 Nxh8 37. Qxh8 Kc7 38. Qxd8+ Kc6 39. Bd6 b6 40. a6 Kb5 41. Qxd7+ Ka5 42. Qxe6 Qg5+ 43.
f4 Qxf4+ 44. Kd1 Qg5 45. Qxd5+ b5 46. Qf3 Qg1+ 47. Bf1 Qg5 48. Bb4+ Ka4 49. Bxc4 bxc4 50. Qc6# 1-0